 Dungeon Crawl Stone Soup version 0.29-a0-819-g94b489e0ae (webtiles) character file.

Game seed: 2691680565837962925

49 Garessta the Scratcher (level 3, -1/16 HPs)
             Began as a Felid Transmuter on July 6, 2022.
             Was a Follower of Fedhas.
             Slain by Grinder (7 damage)
             ... on level 3 of the Dungeon.
             The game lasted 00:04:12 (2753 turns).

Garessta the Scratcher (Felid Transmuter)           Turns: 2753, Time: 00:04:13

Health: -1/16      AC:  1    Str:  6    XL:     3   Next: 53%
Magic:  0/7        EV: 17    Int: 14    God:    Fedhas [*.....]
Gold:   113        SH:  0    Dex: 18    Spells: 0/6 levels left
                                        Lives:  0   Deaths: 1

rFire   . . .      SeeInvis +     - Unarmed
rCold   . . .      Faith    .   (shield unavailable)
rNeg    . . .      Spirit   +   (body armour unavailable)
rPois   .          Reflect  .   (helmet unavailable)
rElec   .          Harm     .   (cloak unavailable)
rCorr   .          Rampage  .   (gloves unavailable)
Will    .....                   (boots unavailable)
Stlth   ++........              p - amulet of guardian spirit
HPRegen 0.05/turn               f - ring of flight
MPRegen 0.10/turn               (no ring)

@: appendages, wereblooded, flying, quick
A: horns 2, very small, claws 1, fangs 3, see invisible, speed 1, shaggy fur 1,
stealthy paws, no weapons or thrown items, no armour, multi-lived
a: End Transformation, Renounce Religion


You were on level 3 of the Dungeon.
You worshipped Fedhas.
Fedhas was aware of your devotion.
You had temporarily grown beastly horns.
You visited 1 branch of the dungeon, and saw 3 of its levels.

You collected 113 gold pieces.

Inventory:

Jewellery
 f - a ring of flight (left paw)
 p - an amulet of guardian spirit (around neck)
 q - an amulet of the acrobat
Scrolls
 b - 2 scrolls of teleportation {unknown}
 c - a scroll of enchant weapon {unknown}
 h - a scroll of enchant armour {unknown}
 j - a scroll of fog {unknown}
 l - a scroll of summoning {unknown}
 m - a scroll of immolation {unknown}
 n - 2 scrolls of identify {unknown}
 o - a scroll of amnesia {unknown}
Potions
 a - a potion of lignification
 d - 2 potions of degeneration {unknown}
 e - a potion of magic {unknown}
 g - a potion of invisibility {unknown}
 i - a potion of brilliance {unknown}
 k - a potion of curing {unknown}
 r - a potion of resistance {unknown}
 s - a potion of flight {unknown}


   Skills:
 - Level 2.2 Fighting
 - Level 2.6 Dodging
 - Level 3.6 Unarmed Combat
 - Level 2.0 Spellcasting
 + Level 3.1 Transmutations
 + Level 1.5 Poison Magic


You couldn't memorise any spells.
You knew the following spells:

 Your Spells              Type           Power      Damage    Failure   Level
a - Beastly Appendage     Tmut           20%        N/A       7%          1
b - Wereblood             Tmut           10%        N/A       10%         2
c - Spider Form           Tmut/Pois      7%         N/A       28%         3

Your spell library contained the following spells:

 Spells                   Type           Power      Damage    Failure   Level
 Ice Form                 Ice/Tmut       5%         N/A       77%         4


Dungeon Overview and Level Annotations

Branches:
Dungeon (3/15)

Altars:
Fedhas

Portals:
Abyss: D:3

Annotations:
D:3 2 transporters, Grinder; crabbyslav's ghost, amateur OpWn


Innate Abilities, Weirdness & Mutations

You have temporarily grown beastly horns.
You have sharp claws.
You have razor-sharp teeth.
You have supernaturally acute eyesight. (SInv)
You cover ground quickly. (Speed+)
You are covered in fur. (AC +1)
Your paws help you pounce on unaware monsters.
You are incapable of wielding weapons or throwing items.
You cannot wear armour.
You gain extra lives every three experience levels.


Message History

You kill the gnoll!
Fedhas appreciates your contribution to the ecosystem.
The goblin completely misses you.
Your Transmutations skill increases to level 3!
You hit the adder but do no damage.
The adder is poisoned.
The adder bites you. The goblin misses you.
You bite the adder!
The adder looks as sick as possible!
The adder is severely wounded.
The adder barely misses you. The goblin misses you. The adder misses you.
You hit the goblin.
You kill the goblin!
Fedhas appreciates your contribution to the ecosystem.
The adder barely misses you.
You hit the adder.
You kill the adder!
Fedhas appreciates your contribution to the ecosystem.
Your transformation has ended.
There is an open door here.
Magic restored.
Grinder is nearby!
Casting: Wereblood (safe; 10% risk of failure)
Confirm with . or Enter, or press ? or * to list all spells.
You grow a pair of large bovine horns.
Casting: Beastly Appendage (safe; 7% risk of failure)
Confirm with . or Enter, or press ? or * to list all spells.
Your blood is infused with primal strength.
Grinder hits you.
You barely miss Grinder. Grinder gestures at you.
You resist with significant effort.
You scratch Grinder but do no damage. Grinder hits you.
You writhe in agony.
You closely miss Grinder.
Grinder blinks!
There is an open door here.
You barely miss Grinder. Your headbutt misses Grinder.
Grinder completely misses you.
You scratch Grinder.
Grinder is lightly wounded.
Grinder hits you!
You die...
Fedhas appreciates your contribution to the ecosystem.

w..####.g........#
....§............#
.................'
...####..........#
#+## ........).#
#+#
.........†#####
....
.....#...)....#
...©.
.....#...5....#
..###
.........@....#
### #
#...###'##### #
#... #.# . #.. #.#
#. #.# ## # #.#
.##)#..##...##+#.#
..#...##.........#
.##...#....... ..#


You could see Grinder.

Vanquished Creatures
  3 gnolls (D:3)
  3 adders
  A dart slug (D:1)
  4 endoplasms
  3 giant cockroaches (D:1)
  4 goblins
  4 hobgoblins
  A quokka (D:2)
  5 ball pythons (D:1)
  3 frilled lizards (D:1)
  2 rats (D:1)
33 creatures vanquished.

Notes
Turn   | Place    | Note
-------+----------+-------------------------------------------
     0 | D:1      | Garessta the Felid Transmuter began the quest for the Orb.
     0 | D:1      | Reached XP level 1. HP: 9/9 MP: 4/4
   223 | D:1      | Reached XP level 2. HP: 12/12 MP: 4/6
   226 | D:1      | Learned a level 2 spell: Wereblood
   258 | D:1      | Found a faded altar of an unknown god.
   285 | D:1      | Prayed at the altar of an unknown god.
   285 | D:1      | Became a worshipper of Fedhas Madash
   285 | D:1      | Reached * piety under Fedhas
   822 | D:2      | Reached XP level 3. HP: 3/16 MP: 5/7
   826 | D:2      | Learned a level 3 spell: Spider Form
  2533 | D:3      | Noticed a small abomination
  2536 | D:3      | Found a transporter.
  2540 | D:3      | Noticed an ancient zyme
  2605 | D:3      | Found a one-way gate to the infinite horrors of the Abyss.
  2621 | D:3      | Noticed crabbyslav's ghost (amateur OpWn)
  2622 | D:3      | Found a transporter.
  2670 | D:3      | Noticed Grinder
  2688 | D:3      | Reached skill level 1 in Poison Magic
  2694 | D:3      | Reached XP level 4. HP: 2/19 MP: 0/8
  2694 | D:3      | Slain by Grinder
  2695 | D:3      | Reached XP level 3. HP: -5/16 MP: 0/7
  2753 | D:3      | Slain by Grinder

Illustrated notes

Levels and vault maps discovered:
D:1:      reono_arrival_forest_river, layout_basic,
          hellmonk_ecumenical_altar_pennies_from_heaven
D:2:      layout_basic
D:3:      layout_basic, nicolae_overflow_hidden_temple,
          gammafunk_ghost_abyssal_escape, uniq_natasha, uniq_grinder

Skill      XL: |  1  2  3 |
---------------+----------+-----
Fighting       | 2 |  2.2
Poison Magic   | 1 |  1.5
Transmutations | 3 |  3.1
Dodging        | |  2.6
Unarmed Combat | |  3.6
Spellcasting   | |  2.0

Action                   |  1- 3 |  4- 6 || total
-------------------------+-------+-------++-------
Melee: Unarmed           |    79 |       ||    79
       Headbutt          |    12 |       ||    12
       Punch             |     2 |       ||     2
       Bite              |     6 |       ||     6
 Cast: Beastly Appendage |    25 |       ||    25
       Wereblood         |     4 |       ||     4
       Spider Form       |     2 |       ||     2
 Stab: Sleeping          |     4 |       ||     4
Armor: Skin              |     4 |       ||     4
Dodge: Dodged            |    59 |       ||    59

Table legend: (Time is in decaauts)
 A = Elapsed time spent in this place.
 B = Non-inter-level travel time spent in this place.
 C = Inter-level travel time spent in this place.
 D = Time resting spent in this place.
 E = Time spent auto-exploring this place.
 F = Levels seen in this place.
 G = Mean time per level.
                   A        B        C        D        E       F      G
               +--------+--------+--------+--------+--------+-----+--------+
         Total |   2430 |   2303 |    127 |    168 |   1829 |   3 |  810.0 |
       Dungeon |   2430 |   2303 |    127 |    168 |   1829 |   3 |  810.0 |
               +--------+--------+--------+--------+--------+-----+--------+

Top non-repeatable levels by time:
     D:2: 1493 daAuts
     D:1: 680 daAuts
     D:3: 255 daAuts
